 Dungeon Crawl Stone Soup version 0.21-a0-584-g185da8e (webtiles) character file.

12 M4edhros the Charlatan (level 2, -1/18 HPs)
             Began as an Octopode Artificer on Dec 20, 2017.
             Slain by a jackal (3 damage)
             ... on level 1 of the Dungeon.
             The game lasted 00:03:22 (279 turns).

M4edhros the Charlatan (Octopode Artificer)          Turns: 279, Time: 00:03:23

Health: -1/18      AC:  1    Str: 11    XL:     2   Next: 33%
Magic:  4/4        EV: 13    Int: 18    God:
Gold:   37         SH:  0    Dex: 12    Spells: 1/1 levels left

rFire    . . .     SeeInvis .   a - +0 short sword
rCold    . . .     Gourm    .   (no shield)
rNeg     . . .     Faith    .   (helmet restricted)
rPois    .         Spirit   .   (no amulet)
rElec    .         Reflect  .   g - ring of protection from magic
rCorr    .         Harm     .   (no ring)
MR       +....                  (no ring)
Stlth    +++.......             (no ring)
HPRegen  0.06/turn              (no ring)
MPRegen  0.09/turn              (no ring)
                                (no ring)
                                (no ring)

@: brilliant, very slightly contaminated
A: almost no armour, stealthy swim, amphibious, 8 rings, constrict 8, camouflage
1, gelatinous body 1
a: no special abilities


You were on level 1 of the Dungeon.
You were not hungry.

You visited 1 branch of the dungeon, and saw 1 of its levels.

You collected 37 gold pieces.

Inventory:

Hand Weapons
 a - a +0 short sword (weapon)
Jewellery
 g - a ring of protection from magic (left tentacle)
Wands
 b - a wand of flame (15)
 c - a wand of enslavement (15)
 d - a wand of random effects (15)
Scrolls
 i - a scroll of remove curse {unknown}
Comestibles
 f - a ration


   Skills:
 - Level 1.0 Fighting
 - Level 1.0 Short Blades
 - Level 2.0 Dodging
 - Level 1.3 Stealth
 + Level 1.9 Unarmed Combat
 - Level 3.2 Evocations


You had one spell level left.
You didn't know any spells.

Dungeon Overview and Level Annotations

Branches:
Dungeon (1/15)

Altars:


Innate Abilities, Weirdness & Mutations

You cannot wear most types of armour.
You are very stealthy in the water. (Stealth+)
You are amphibious.
You can wear up to eight rings at the same time.
You can use your tentacles to constrict eight enemies at once.
Your skin changes colour to match your surroundings (Stealth+).
Your rubbery body absorbs attacks. (AC +1, EV +1)


Message History

The jackal bites you.
* * * LOW HITPOINT WARNING * * *
You barely miss the jackal. Your grab misses the jackal.
Your squeeze misses the jackal. The jackal barely misses you.
The jackal bites you.
* * * LOW HITPOINT WARNING * * *
The giant cockroach bites you.
* * * LOW HITPOINT WARNING * * *
You aren't carrying any potions.
Blink to where?
Press: ? - help, Dir - move target cursor You are very lightly contaminated with residual magic.
As you read the scroll labeled IPOLOC MUIRPH, it crumbles to dust.
It was a scroll of blinking.
You see here a white potion.
e - a white potion It was a potion of brilliance.
You feel clever all of a sudden. The jackal bites you.
You die...

..# ... #...# ..#
#.. #.$.# #... ..##
.. #...# #.. )..#
#.##...####[. .#.#
.. ........# # ...#
#. #.#.....#.#
#..####.##.#.....#.#
##..#...§.sK.r.h...#
.##.#.#.##.#...h@#
#.#.# #.##.#.....#
#.# # #..#†#.....#
#.# ##.#.#...$.# #.#
#.#.#.....# #.#
#.†.####### #.#
##..# #.#
#.###.>#### .##
#.........#


You could see 2 jackals, a giant cockroach, a kobold and a rat.

Vanquished Creatures
  A bat (D:1)
  7 jackals (D:1)
  A frilled lizard (D:1)
  A rat (D:1)
10 creatures vanquished.

Notes
Turn   | Place    | Note
-------+----------+-------------------------------------------
     0 | D:1      | M4edhros the Octopode Artificer began the quest for the Orb.
     0 | D:1      | Reached XP level 1. HP: 13/13 MP: 3/3
   150 | D:1      | Reached skill level 1 in Unarmed Combat
   255 | D:1      | Reached XP level 2. HP: 9/18 MP: 4/4
   279 | D:1      | Slain by a jackal

Vault maps used:
D:1:      evilmike_arrival_rings

Skill      XL: |  1 |
---------------+----+-----
Unarmed Combat | 1 |  1.9
Fighting       | |  1.0
Short Blades   | |  1.0
Dodging        | |  2.0
Stealth        | |  1.3
Evocations     | |  3.2

Action                   || total
-------------------------++-------
Melee: Short sword       ||    26
       Constrict         ||     6
       Tentacles         ||     3
  Use: Potion            ||     2
       Scroll            ||     1
 Stab: Sleeping          ||     4
Armor: Skin              ||     2
Dodge: Dodged            ||    17

Table legend:
 A = Spawn XP
 B = Non-spawn XP
 C = Spawn XP percentage of total XP
 D = Spawn monster count
 E = Non-spawn monster count
 F = Spawn count percentage of total count
 G = Total turns spent on level
                    A         B        C        D         E        F      G
               +---------+---------+-------+---------+---------+-------+---------
         Total |       0 |      18 |   0.0 |       0 |      10 |   0.0 |   279
               +---------+---------+-------+---------+---------+-------+---------
           D:1 |       0 |      18 |   0.0 |       0 |      10 |   0.0 |   279
               +---------+---------+-------+---------+---------+-------+---------
